Map: Catalyst LE

Players

KaasGrater - Winner!

  • Race: Protoss Protoss
  • League: Diamond
  • Spawn Location: 5:00

A.I. 1 (Easy)

  • Race: Protoss Protoss
  • Spawn Location: 11:00

VOD

Have the link to the VOD?

Description

Time

  • Played on: Aug. 2, 2018, 7:07 a.m.
  • Length: 6:19
Show
View Real Time Build Order
Export as new Build Order

KaasGrater Protoss - Winner!

Build Orders: Phoenix Opening 

Get SALT Encoding   

  12  0:01  Probe  
  13  0:13  Probe  
  14  0:19  Pylon  
  14  0:25  Probe  
  15  0:34  Probe  
  15  0:37  Gateway  
  15  0:42  Probe  
  17  0:52  Probe  
  17  0:53  Assimilator  
  18  0:59  Assimilator  
  18  1:04  Probe  
  19  1:17  Probe  
  20  1:21  Gateway  
  20  1:26  Cybernetics Core  
  20  1:30  Probe  
  21  1:42  Probe  
  22  1:54  Probe  
  22  1:56  Pylon  
  23  2:04  Stargate  
  23  2:07  Warp Gate  
  23  2:18  Stalker  
  23  2:21  Stalker  
  27  2:36  Pylon  
  27  2:48  Stalker  
  27  2:49  Phoenix  
  27  2:51  Stalker  
  33  3:09  Phoenix  
  33  3:12  Gateway  
  35  3:30  Phoenix  
  37  3:37  Pylon  
  37  3:39  Pylon  
  37  3:55  Phoenix  
  39  4:10  Zealot x2  
  39  4:11  Stalker  
  45  4:21  Phoenix  
  47  4:31  Zealot x2  
  51  4:44  Pylon  
  51  4:46  Phoenix  
  53  4:53  Stalker  
  55  5:11  Stalker x2  
  59  5:22  Stalker  
  61  5:38  Stalker  
  63  5:58  Pylon  
  63  6:00  Pylon  
Show
View Real Time Build Order
Export as new Build Order

A.I. 1 (Easy) Protoss 

Build Orders:  

Get SALT Encoding   

  12  0:00  Probe  
  13  0:13  Probe  
  14  0:21  Pylon  
  14  0:25  Probe  
  15  0:35  Probe  
  16  0:43  Assimilator  
  16  0:50  Gateway  
  16  0:53  Pylon  
  16  1:18  Assimilator  
  16  1:31  Zealot  
  16  1:41  Cybernetics Core  
  16  1:46  Probe  
  19  1:59  Pylon  
  19  2:00  Probe  
  19  2:08  Probe  
  21  2:17  Warp Gate, Probe  
  21  2:18  Adept  
  24  2:29  Probe  
  25  2:42  Stalker, Probe  
  28  3:05  Adept  
  30  5:22  Stalker  
  30  5:23  Probe  
  30  5:25  Pylon  
  33  5:33  Robotics Facility  
  33  5:35  Probe  
  26  5:45  Stalker  
  26  5:47  Probe  
  26  5:48  Pylon  
  16  5:59  Probe  
Tags
 
League
Diamond
Matchup
PvP
Spawn Locations
Cross Positions
Add a new tag
Caveats
  • Supply blocks, unpowered buildings, or Contaminate may cause inaccurate times.
  • Supply counts are checked every 10 seconds.